 Dungeon Crawl Stone Soup version 0.29.1-12-g30fa7ad0bf (webtiles) character file.

Game seed: 9997653780407211952

27198 venomsnake the Warrior (level 13, -1/130 HPs)
             Began as a Minotaur Berserker on Dec 27, 2022.
             Was a High Priest of Trog.
             Slain by a komodo dragon (7 damage)
             ... on level 5 of the Lair of Beasts.
             The game lasted 00:34:54 (17977 turns).

venomsnake the Warrior (Minotaur Berserker)        Turns: 17977, Time: 00:34:55

Health: -1/130     AC: 18    Str: 33 (36) XL:     13   Next: 3%
Magic:  12/12      EV: 11    Int:  1 (4)  God:    Trog [*****.]
Gold:   923        SH:  5    Dex:  8 (10) Spells: 12/12 levels left

rFire   . . .      SeeInvis +   v - +2 battleaxe (drain)
rCold   + . .      Faith    .   (shield currently unavailable)
rNeg    . . .      Spirit   .   G - +0 plate armour
rPois   .          Reflect  +   (helmet restricted)
rElec   .          Harm     .   w - +0 cloak
rCorr   +          Rampage  .   V - +0 pair of gloves
Will    .....                   (no boots)
Stlth   ..........              c - amulet of reflection
HPRegen 0.31/turn               O - +6 ring of strength
MPRegen 0.13/turn               I - ring of Fecw {rC+ rCorr Str+3 SInv}

@: mighty
A: horns 2, retaliatory headbutt
a: Renounce Religion, Berserk, Trog's Hand, Brothers in Arms


You were on level 5 of the Lair of Beasts.
You worshipped Trog.
Trog was extremely pleased with you.
You visited 2 branches of the dungeon, and saw 16 of its levels.

You collected 923 gold pieces.

Inventory:

Hand Weapons
 v - a +2 battleaxe of draining (weapon)
 L - a +2 antimagic battleaxe
 T - a +6 antimagic broad axe
Missiles
 p - a throwing net (quivered)
Armour
 w - a +0 cloak (worn)
 G - a +0 plate armour (worn)
 V - a +0 pair of gloves (worn)
Jewellery
 a - a ring of protection from cold
 c - an amulet of reflection (around neck)
 y - a ring of magical power
 I - the ring of Fecw (right hand) {rC+ rCorr Str+3 SInv}
   (You found it on level 10 of the Dungeon)

   [ring of protection from cold]

   Str:       It affects your strength (+3).
   rC:        It protects you from cold.
   SInv:      It lets you see invisible.
   rCorr:     It protects you from acid and corrosion.
 K - a ring of positive energy
 O - a +6 ring of strength (left hand)
 P - a ring of magical power
Wands
 s - a wand of iceblast (6)
 t - a wand of polymorph (22)
 u - a wand of digging (1)
 C - a wand of light (10)
 D - a wand of charming (16)
Scrolls
 b - 4 scrolls of butterflies
 g - 3 scrolls of blinking {unknown}
 i - a scroll of fear
 j - 4 scrolls of amnesia
 k - 5 scrolls of identify
 n - 4 scrolls of immolation
 x - 2 scrolls of torment {unknown}
 A - 3 scrolls of teleportation
 E - 4 scrolls of poison
 F - 3 scrolls of vulnerability {unknown}
 H - a scroll of silence {unknown}
 J - a scroll of summoning {unknown}
 N - a scroll of enchant armour {unknown}
 Q - 2 scrolls of magic mapping {unknown}
 U - 3 scrolls of enchant weapon {unknown}
 X - a scroll of noise {unknown}
Potions
 d - 3 potions of lignification {unknown}
 e - a potion of heal wounds {unknown}
 f - a potion of might
 l - 3 potions of flight {unknown}
 m - 2 potions of attraction
 o - 3 potions of haste {unknown}
 q - a potion of degeneration
 r - 3 potions of brilliance {unknown}
 z - a potion of magic {unknown}
 B - a potion of experience {unknown}
 M - 2 potions of resistance
 R - 2 potions of mutation {unknown}
 S - a potion of cancellation {unknown}
Miscellaneous
 W - a lightning rod (4/4)


   Skills:
 * Level 16.9 Fighting
 + Level 12.5 Axes
 + Level 12.2 Armour
 + Level 11.2 Dodging


You had 12 spell levels left.
You didn't know any spells.
Your spell library was empty.

Dungeon Overview and Level Annotations

Branches:
Dungeon (12/15)            Temple (0/1) D:7            Lair (5/5) D:11
  Snake (0/4) Lair:2          Orc (0/2) D:11
  Swamp: Lair:2-3    Shoals: Lair:2-3     Slime: Lair:4-5

Altars:
Cheibriados
Trog
Uskayaw
Wu Jian
Xom
Yredelemnul

Shops:
D:6 (   D:7 *

Annotations:
D:3 3 runed translucent doors, croobank's ghost, weakling DsCj
D:8 1 runed translucent door, SirLogeyBear's ghost, novice HOBe
Lair:5 exclusion: oklob plant


Innate Abilities, Weirdness & Mutations

You have a pair of horns on your head.
You reflexively headbutt those who attack you in melee.


Message History

You fall asleep.
The elephant tramples you but does no damage.
The elephant trunk-slaps you but does no damage.
The wolf bites you.
You wake up.
* * * LOW HITPOINT WARNING * * *
The wolf bites you.
* * * LOW HITPOINT WARNING * * *
As you read the scroll of fear, it crumbles to dust.
You assume a fearsome visage.
The wolf looks frightened! x4
The yak looks frightened!
The dream sheep looks frightened!
The dream sheep panics and turns to flee.
The dream sheep looks frightened!
The dream sheep is struck with panic!
The black mamba looks frightened!
The yak looks frightened! x6
The elephant looks frightened!
The elephant resists with some effort.
The wolf seems to regain its courage.
As you read the scroll labelled WOSUN IROCHOUTT, it crumbles to dust.
You feel strangely unstable.
It was a scroll of teleportation.
The wolf bites you but does no damage. You block the wolf's attack.
Okay, then.
Okay, then.
You barely miss the wolf. The wolf closely misses you. The wolf bites you.
* * * LOW HITPOINT WARNING * * *
Your surroundings suddenly seem different.
An oklob plant and a komodo dragon come into view.
Marking area around an oklob plant as unsafe for travelling.
The komodo dragon attacks as you move away!
The komodo dragon misses you.
The komodo dragon attacks as you move away!
You block the komodo dragon's attack.
The komodo dragon attacks as you move away!
The komodo dragon barely misses you. You furiously retaliate!
You headbutt the komodo dragon!! You completely miss the komodo dragon.
The komodo dragon is heavily wounded.
The komodo dragon bites you but does no damage.
You hit the komodo dragon. You drain the komodo dragon.
The komodo dragon is severely wounded.
The komodo dragon bites you!
You die...

.............
#.........PP.
#..........#
##........P#
#..........#
##.........#
..###.........P##..
.......@l..........
..................#
..............#P...
.............## P..
..###......PP# . .
#.#..#.P.#
#.##........ ..
.........


You could see a komodo dragon (drained).

Vanquished Creatures
  Gastronok (Lair:3)
  A two-headed ogre (D:7)
  A catoblepas (Lair:2)
  Pikel (D:5)
  2 cyclopes (D:11)
  3 black mambas
  Maurice (D:9)
  4 elephants
  A gargoyle (D:10)
  4 cane toads
  A rime drake (Lair:3)
  5 kobold demonologists
  A komodo dragon (Lair:2)
  A troll (D:11)
  A slime creature (D:7)
  8 blink frogs
  A dream sheep (Lair:5)
  Sigmund (D:4)
  3 shadows
  2 wraiths (D:11)
  3 wyverns
  22 yaks
  3 steam dragons
  3 chaos spawn (D:11)
  2 vampire mosquitoes (D:10)
  4 nagas (Lair:2)
  3 acid dragons
  7 water moccasins
  Duvessa (D:7)
  2 ice beasts
  A sky beast (D:6)
  5 black bears
  5 orc warriors
  An ogre (D:5)
  11 wolves
  4 centaurs
  A phantom (D:5)
  Blork the orc (D:4)
  7 kobold brigands
  12 bullfrogs
  4 scorpions
  6 necrophages
  A gnoll sergeant (D:7)
  9 wights
  Dowan (D:7)
  12 killer bees
  3 howler monkeys
  7 electric eels
  9 orc priests
  7 hounds
  4 jellies
  4 iguanas
  15 orc wizards
  5 gnolls (D:7)
  7 adders
  A shadow imp (D:6)
  A white imp (D:7)
  4 worms
  4 dart slugs
  57 orcs
  3 bats (D:2)
  8 endoplasms
  4 giant cockroaches
  9 goblins
  7 hobgoblins
  3 jackals
  22 kobolds
  6 quokkas
  4 ball pythons
  3 frilled lizards
  3 rats
374 creatures vanquished.

Vanquished Creatures (collateral kills)
  2 two-headed ogres
  2 yaks (D:10)
4 creatures vanquished.

Vanquished Creatures (others)
  21 fungi
  27 plants
  2 withered plants (D:8)
50 creatures vanquished.

Grand Total: 428 creatures vanquished

Notes
Turn   | Place    | Note
-------+----------+-------------------------------------------
     0 | D:1      | venomsnake the Minotaur Berserker began the quest for the
                  | Orb.
     0 | D:1      | Reached XP level 1. HP: 19/19 MP: 0/0
   257 | D:1      | Reached XP level 2. HP: 23/27 MP: 1/1
   304 | D:1      | Found a faded altar of an unknown god.
   312 | D:1      | Reached skill level 4 in Fighting
   950 | D:2      | Reached XP level 3. HP: 28/33 MP: 2/2
  1030 | D:2      | Reached ** piety under Trog
  1513 | D:3      | Reached XP level 4. HP: 41/41 MP: 3/3
  1787 | D:3      | Reached skill level 5 in Fighting
  1843 | D:3      | Noticed a scorpion
  1857 | D:3      | Killed a scorpion
  1858 | D:3      | Reached XP level 5. HP: 18/48 MP: 4/4
  2137 | D:3      | Found a runed translucent gate.
  2139 | D:3      | Found a runed translucent gate.
  2139 | D:3      | Noticed croobank's ghost (weakling DsCj)
  2140 | D:3      | Found a runed translucent gate.
  2392 | D:3      | Reached *** piety under Trog
  2393 | D:3      | Reached XP level 6. HP: 57/57 MP: 5/5
  2420 | D:3      | Found a basalt altar of Yredelemnul.
  2441 | D:3      | Reached skill level 6 in Fighting
  2646 | D:3      | Reached skill level 5 in Axes
  2741 | D:3      | Found a hide-covered altar of Uskayaw.
  3049 | D:4      | Noticed Blork the orc
  3076 | D:4      | Killed Blork the orc
  3148 | D:4      | Noticed Sigmund
  3163 | D:4      | Killed Sigmund
  3164 | D:4      | Reached XP level 7. HP: 13/64 MP: 6/6
  3643 | D:5      | Entered Level 5 of the Dungeon
  3655 | D:5      | Reached skill level 7 in Fighting
  3733 | D:5      | Reached skill level 5 in Armour
  3886 | D:5      | Reached skill level 8 in Fighting
  3886 | D:5      | Reached XP level 8. HP: 51/74 MP: 7/7
  4004 | D:5      | Reached skill level 5 in Dodging
  4351 | D:5      | Noticed Pikel
  4367 | D:5      | Killed Pikel
  4368 | D:5      | Reached skill level 9 in Fighting
  4733 | D:5      | Found an ornate altar of the Wu Jian Council.
  4909 | D:6      | Reached XP level 9. HP: 85/85 MP: 8/8
  5011 | D:6      | Found Sarip's Weapon Boutique.
  5248 | D:6      | Reached skill level 10 in Fighting
  5262 | D:6      | Reached **** piety under Trog
  5696 | D:7      | Noticed a two-headed ogre
  5804 | D:7      | Noticed Duvessa
  5804 | D:7      | Noticed Dowan
  5814 | D:7      | Killed Duvessa
  5817 | D:7      | Killed Dowan
  5864 | D:7      | Killed a two-headed ogre
  5865 | D:7      | Reached skill level 11 in Fighting
  6237 | D:7      | Found a staircase to the Ecumenical Temple.
  6292 | D:7      | Reached XP level 10. HP: 96/96 MP: 9/9
  6344 | D:7      | Found Koehiurphab's Neck Hole.
  6601 | D:7      | Found a bloodstained altar of Trog.
  6639 | D:7      | Reached skill level 12 in Fighting
  9080 | D:8      | Found a runed translucent door.
  9081 | D:8      | Noticed SirLogeyBear's ghost (novice HOBe)
  9254 | D:9      | Noticed Maurice
  9273 | D:9      | Killed Maurice
  9295 | D:9      | Reached skill level 13 in Fighting
  9415 | D:9      | Reached ***** piety under Trog
  9416 | D:9      | Reached XP level 11. HP: 74/105 MP: 10/10
  9962 | D:9      | Reached skill level 10 in Axes
 11059 | D:10     | Entered Level 10 of the Dungeon
 11152 | D:10     | Found a snail-covered altar of Cheibriados.
 11447 | D:10     | Identified the ring of Fecw {rC+ rCorr Str+3 SInv}
 11754 | D:10     | Reached skill level 10 in Armour
 11790 | D:10     | Reached skill level 14 in Fighting
 11916 | D:10     | Noticed a two-headed ogre
 11937 | D:10     | Killed a two-headed ogre
 13208 | D:11     | Noticed a two-headed ogre
 13212 | D:11     | Killed a two-headed ogre
 13356 | D:11     | Found a staircase to the Orcish Mines.
 13375 | D:11     | Reached skill level 15 in Fighting
 13489 | D:11     | Found a shimmering altar of Xom.
 13491 | D:11     | Found the +7 mace of Variability {chain chaos}
 13505 | D:11     | Received a gift from Trog
 13506 | D:11     | Reached XP level 12. HP: 33/119 MP: 11/11
 13948 | D:11     | Reached skill level 10 in Dodging
 14003 | D:11     | Found a staircase to the Lair.
 14193 | D:11     | You fall into a shaft and drop 1 floor!
 14633 | Lair:1   | Entered Level 1 of the Lair of Beasts
 15920 | Lair:2   | Reached skill level 16 in Fighting
 16737 | Lair:2   | Received a gift from Trog
 16906 | Lair:2   | Found a staircase to the Snake Pit.
 16925 | Lair:2   | Noticed a catoblepas
 16961 | Lair:2   | Killed a catoblepas
 17346 | Lair:3   | Noticed Gastronok
 17565 | Lair:3   | Killed Gastronok
 17622 | Lair:3   | Noticed a five-headed hydra
 17949 | Lair:3   | You fall into a shaft and drop 2 floors!
 17949 | Lair:5   | Entered Level 5 of the Lair of Beasts
 17954 | Lair:5   | Reached XP level 13. HP: 122/130 MP: 12/12
 17970 | Lair:5   | HP: 3/130 [wolf (5)]
 17977 | Lair:5   | Slain by a komodo dragon

Illustrated notes

Levels and vault maps discovered:
D:1:      kennysheep_arrival_forest, layout_rooms,
          nicolae_ecumenical_lake_church
D:2:      layout_basic
D:3:      layout_loops_ring, mainiacjoe_overflow_24_doors,
          nicolae_overflow_hidden_temple, gammafunk_ghost_split
D:4:      layout_cave_pools, minmay_between, uniq_sigmund, uniq_blork_the_orc
D:5:      layout_loops_ring, nicolae_wu_jian_immortal_techniques, uniq_pikel
D:6:      kennysheep_six_static_rooms, layout_basic, serial_shops,
          shop_fountains, minmay_statues_item
D:7:      cheibrodos_two_vegetables, layout_loops_corners,
          mainiacjoe_overflow_concentric_impassable, temple_fountains,
          nicolae_shop_sticking_my_neck_out, uniq_duvessa
D:8:      layout_layer_cave, gammafunk_ghost_grave
D:9:      layout_gridville, uniq_maurice
D:10:     minmay_inner_zag, layout_cave_pools, nicolae_overflow_crystal_walls,
          nicolae_hexahallways
D:11:     layout_basic, david_lair_generic, hiddenorc2_lemuel,
          amcnicky_mini_rare_corridor_liquid, minmay_guarded_unrand_variability
D:12:     layout_cave_pods
Lair:1:   layout_concentric_octagons, infiniplex_staircase_pool_2,
          serial_bayou_shore_a
Lair:2:   layout_roguey, minmay_snake_entry_guardpost_small
Lair:3:   wander_river, layout_regular_city, minmay_shoals_entry_hut,
          roderic_carrion_pond, uniq_gastronok
Lair:5:   grunt_lair_end_beastmaster, layout_gridlike,
          grunt_forest_large_clearings, infiniplex_staircase_pool

Skill      XL: |  1  2  3  4  5  6  7  8  9 10 11 12 |
---------------+-------------------------------------+-----
Fighting       | 4 5 6 8 9 11 13 15 16 | 16.9
Axes           | 4 5 6 7 8 9 11 12 | 12.5
Armour         | 3 4 5 6 8 9 10 12 | 12.2
Dodging        | 3 4 6 7 8 9 11 | 11.2

Action                   |  1- 3 |  4- 6 |  7- 9 | 10-12 | 13-15 || total
-------------------------+-------+-------+-------+-------+-------++-------
Melee: Hand axe          |    84 |    89 |       |       |       ||   173
       Headbutt          |    14 |    13 |    29 |    98 |       ||   154
       Punch             |       |     2 |       |       |       ||     2
       Battleaxe         |       |    16 |   145 |   498 |     5 ||   664
       Unarmed           |       |       |       |     6 |       ||     6
Throw: Throwing net      |       |       |       |     2 |       ||     2
Invok: Berserk           |       |     1 |       |     1 |       ||     2
       Brothers in Arms  |       |       |     1 |     2 |       ||     3
Evoke: Wand              |       |       |       |     8 |       ||     8
  Use: Potion            |       |     2 |       |       |     5 ||     7
       Scroll            |       |       |       |       |     9 ||     9
 Stab: Held in net/web   |       |       |       |     1 |       ||     1
Armor: Ring mail         |     3 |       |       |       |       ||     3
       Animal skin       |     1 |       |       |       |       ||     1
       Chain mail        |    28 |    48 |    82 |     2 |       ||   160
       Plate armour      |       |       |       |   243 |    27 ||   270
       Skin              |       |       |       |     3 |       ||     3
Dodge: Dodged            |    36 |    28 |    86 |   259 |    34 ||   443
Block: Other             |    13 |    15 |    40 |   116 |    14 ||   198
       Reflection        |     2 |       |     4 |     6 |       ||    12
